 Dungeon Crawl Stone Soup version 0.28.0 (webtiles) character file.

Game seed: 4885012273313322020

102 Alacron the Slasher (level 4, -5/28 HPs)
             Began as a Tengu Berserker on Feb 16, 2022.
             Was a Believer of Trog.
             Slain by an orc (7 damage)
             ... on level 3 of the Dungeon.
             The game lasted 00:02:22 (2104 turns).

Alacron the Slasher (Tengu Berserker)               Turns: 2104, Time: 00:02:23

Health: -5/28      AC:  2    Str: 19    XL:     4   Next: 78%
Magic:  5/5        EV: 12    Int:  8    God:    Trog [**....]
Gold:   143        SH:  3    Dex: 13    Spells: 3/3 levels left

rFire   . . .      SeeInvis .   a - +0 falchion
rCold   . . .      Faith    .   h - +0 buckler
rNeg    . . .      Spirit   .   b - +0 animal skin
rPois   .          Reflect  .   (helmet restricted)
rElec   .          Harm     .   (no cloak)
rCorr   .          Rampage  .   (no gloves)
Will    .....                   (boots unavailable)
Stlth   +.........              f - amulet of the acrobat
HPRegen 0.09/turn               (no ring)
MPRegen 0.09/turn               (no ring)

@: no status effects
A: beak, talons 3
a: Renounce Religion, Berserk, Trog's Hand


You were on level 3 of the Dungeon.
You worshipped Trog.
Trog was pleased with you.
You visited 1 branch of the dungeon, and saw 3 of its levels.

You collected 143 gold pieces.

Inventory:

Hand Weapons
 a - a +0 falchion (weapon)
Armour
 b - a +0 animal skin (worn)
 h - a +0 buckler (worn)
Jewellery
 f - an amulet of the acrobat (around neck)
Scrolls
 c - a scroll of teleportation {unknown}
 e - 2 scrolls of identify {unknown}
 j - a scroll of vulnerability {unknown}
 l - a scroll of immolation {unknown}
Potions
 d - 2 potions of might {unknown}
 g - a potion of attraction {unknown}
 i - a potion of brilliance {unknown}
 k - a potion of heal wounds {unknown}


   Skills:
 + Level 3.6 Fighting
 * Level 5.0 Long Blades
 * Level 2.8 Armour
 - Level 2.2 Dodging


You had 3 spell levels left.
You didn't know any spells.
Your spell library was empty.

Dungeon Overview and Level Annotations

Branches:
Dungeon (3/15)

Altars:
Yredelemnul


Innate Abilities, Weirdness & Mutations

You have a beak for a mouth.
You have claws for feet.


Message History

You barely miss the orc. You peck the orc.
The orc is severely wounded.
The orc barely misses you. The orc closely misses you.
You block the orc's attack.
There are monsters nearby!
You closely miss the orc. Your peck misses the orc.
The orc is severely wounded.
The orc hits you with a +0 short sword. The orc barely misses you.
The orc closely misses you.
There are monsters nearby!
You completely miss the orc. You peck the orc.
You kill the orc!
Trog accepts your kill. The orc hits you with a +0 short sword.
The orc hits you with a +2 flail of protection.
* * * LOW HITPOINT WARNING * * *
Your Long Blades skill increases to level 5!
There are monsters nearby!
You are too injured to fight recklessly!
There are monsters nearby!
You are too injured to fight recklessly!
There are monsters nearby!
You are too injured to fight recklessly!
You are too injured to fight recklessly!
There are monsters nearby!
There are monsters nearby!
You are too injured to fight recklessly!
You are too injured to fight recklessly!
There are monsters nearby!
There are monsters nearby!
You are too injured to fight recklessly!
You hit the orc. You claw the orc.
You kill the orc!
Trog accepts your kill.
The orc hits you with a +2 flail of protection.
* * * LOW HITPOINT WARNING * * *
You hit the orc but do no damage. Your kick misses the orc.
Your peck misses the orc.
The orc hits you with a +2 flail of protection!
You die...

#. #. ##.## ...#
#..## #...######
#))o..$... #.@.#
##.#### #....#
#.##.# ...##.# #
#######..##.#
#.###... ..[##.#
#>#†#.#####..##.#
#............##.#


You could see an orc.

Vanquished Creatures
  4 adders
  A white imp (D:3)
  A worm (D:3)
  4 dart slugs (D:1)
  2 orcs (D:3)
  3 ball pythons (D:1)
  A bat (D:3)
  6 endoplasms
  3 goblins (D:1)
  6 hobgoblins
  4 jackals (D:1)
  A quokka (D:2)
  3 frilled lizards (D:1)
  2 kobolds
  4 rats
45 creatures vanquished.

Notes
Turn   | Place    | Note
-------+----------+-------------------------------------------
     0 | D:1      | Alacron the Tengu Berserker began the quest for the Orb.
     0 | D:1      | Reached XP level 1. HP: 14/14 MP: 2/2
   216 | D:1      | Reached XP level 2. HP: 19/19 MP: 3/3
   314 | D:1      | Reached skill level 4 in Long Blades
   314 | D:1      | Reached XP level 3. HP: 10/23 MP: 4/4
  1669 | D:2      | Reached XP level 4. HP: 23/28 MP: 5/5
  1787 | D:2      | Found a faded altar of an unknown god.
  1871 | D:2      | Found a basalt altar of Yredelemnul.
  2019 | D:2      | You fall into a shaft and drop 1 floor!
  2098 | D:3      | Reached ** piety under Trog
  2103 | D:3      | Reached skill level 5 in Long Blades
  2104 | D:3      | Slain by an orc

Illustrated notes

Levels and vault maps discovered:
D:1:      nzn_arrival_water_spiral, layout_basic
D:2:      layout_loops_ring, shapermc_ecumenical_altar_totnotflames, basic_altar
D:3:      layout_loops_ring

Skill      XL: |  1  2  3  4 |
---------------+-------------+-----
Long Blades    | 4 5 |  5.0
Fighting       | |  3.6
Armour         | |  2.8
Dodging        | |  2.2

Action                   |  1- 3 |  4- 6 || total
-------------------------+-------+-------++-------
Melee: Falchion          |    76 |    27 ||   103
       Kick              |    17 |     8 ||    25
       Peck              |    14 |     7 ||    21
       Punch             |     1 |       ||     1
Armor: Animal skin       |    11 |     5 ||    16
Dodge: Dodged            |    51 |    20 ||    71
Block: Buckler           |     2 |     6 ||     8
